 Dungeon Crawl Stone Soup version 0.26.1-2-gb8aa6d0cf2 (webtiles) character file.

Game seed: 15355058544938117085

5062 Gabide the Carver (level 10, -11/82 HPs)
             Began as a Barachi Berserker on Feb 9, 2021.
             Was an Elder of Trog.
             Mangled by a cyan ugly thing (12 damage)
             ... on level 8 of the Dungeon.
             The game lasted 00:25:39 (9662 turns).

Gabide the Carver (Barachi Berserker)               Turns: 9662, Time: 00:25:39

Health: -11/82     AC: 19    Str: 27    XL:     10   Next: 56%
Magic:  10/10      EV: 12    Int:  7    God:    Trog [****..]
Gold:   559        SH:  0    Dex: 13    Spells: 9/9 levels left

rFire    . . .     SeeInvis .   o - +4 long sword
rCold    . . .     Faith    .   (no shield)
rNeg     + . .     Spirit   .   C - +4 chain mail {rN+}
rPois    +         Reflect  .   (no helmet)
rElec    .         Harm     .   p - +0 cloak
rCorr    .         Rampage  .   F - +0 pair of gloves
Will     .....                  q - +0 pair of boots
Stlth    ..........             (no amulet)
HPRegen  0.23/turn              E - +6 ring of strength
MPRegen  0.12/turn              s - ring of poison resistance

@: berserk cooldown, slowed, very slow
A: +LOS, swims, slowness 1, strong legs 1
a: Hop, Renounce Religion, Berserk, Trog's Hand, Brothers in Arms


You were on level 8 of the Dungeon.
You worshipped Trog.
Trog was greatly pleased with you.
You visited 1 branch of the dungeon, and saw 8 of its levels.

You collected 559 gold pieces.

Inventory:

Hand Weapons
 l - a +4 rapier of protection
 o - a +4 long sword (weapon)
 t - a +2 short sword of flaming
 y - the +6 dagger "Giant's Nightmare" {vamp, rC+ Str+2}
   (You found it on level 5 of the Dungeon)

   It inflicts no extra harm, but heals its wielder when it wounds a living foe.
   It affects your strength (+2).
   It protects you from cold.
Missiles
 j - 12 boomerangs (quivered)
Armour
 k - a +4 chain mail
 n - a +1 ring mail of poison resistance
 p - a +0 cloak (worn)
 q - a +0 pair of boots (worn)
 C - a +4 chain mail of positive energy (worn)
 F - a +0 pair of gloves (worn)
Jewellery
 i - an uncursed ring of fire
 s - a ring of poison resistance (right hand)
 B - a +6 ring of dexterity
 E - a +6 ring of strength (left hand)
Wands
 r - a wand of digging (14)
 u - a wand of flame (14)
 D - a wand of random effects (12)
Scrolls
 m - 2 scrolls of teleportation
 v - 3 scrolls of remove curse
 A - a scroll of magic mapping
Potions
 a - a potion of mutation {unknown}
 b - 5 potions of flight
 c - 4 potions of heal wounds
 d - 7 potions of curing
 e - 2 potions of lignification {unknown}
 f - 3 potions of invisibility
 g - 2 potions of brilliance {unknown}
 h - 3 potions of attraction {unknown}
 w - a potion of might {unknown}
 x - 2 potions of degeneration {unknown}
 z - a potion of berserk rage {unknown}


   Skills:
 + Level 8.5 Fighting
 - Level 5.1(8.3) Short Blades
 * Level 11.0(11.5) Long Blades
 - Level 1.4 Throwing
 + Level 9.0 Armour
 * Level 7.0 Dodging


You had 9 spell levels left.
You didn't know any spells.
Your spell library was empty.

Dungeon Overview and Level Annotations

Branches:
Dungeon (8/15)             Temple (0/1) D:6            Lair (0/6) D:8

Altars:
Ru
Xom
Yredelemnul
Zin
The Shining One

Shops:
D:6 (   D:7 (


Innate Abilities, Weirdness & Mutations

You can be seen from farther away. (+LOS)
You can swim through water.
You cover ground slowly.
You can hop short distances.


Message History

You closely miss the cyan ugly thing.
The cyan ugly thing is severely wounded.
The cyan ugly thing stings you but does no damage.
You closely miss the cyan ugly thing.
The cyan ugly thing is severely wounded.
The salamander hits you.
* * * LOW HITPOINT WARNING * * *
You are engulfed in flames!
* * * LOW HITPOINT WARNING * * *
The cyan ugly thing stings you but does no damage.
You feel a strong urge to attack something.
You are no longer berserk.
You are exhausted.
You feel yourself slow down.
There is an open door here.
The cyan ugly thing completely misses you.
The cyan ugly thing stings you.
* * * LOW HITPOINT WARNING * * *
The cyan ugly thing shocks you!
You die...

# [# ##### '##
###...#...#
#.'N.)'...+ ###
#u#.N.#...#
#.## #@##### #
##... #.# #.###
#.# #..## #.#
##..# #.# ##..
#.###########
###
#....>......# #
####........#
##
#........#####.


You could see a cyan ugly thing.

Vanquished Creatures
  A two-headed ogre (D:8)
  Pikel (D:5)
  Joseph (D:8)
  A kobold demonologist (D:8)
  2 wyverns (D:8)
  Eustachio (D:4)
  2 wargs (D:7)
  2 ice beasts
  A black bear (D:6)
  2 phantoms (D:6)
  2 orc warriors (D:7)
  3 ogres
  2 big kobolds
  3 bullfrogs
  A wyvern zombie (D:8)
  A scorpion (D:7)
  A howler monkey (D:5)
  A centaur zombie (D:6)
  A bullfrog zombie (D:5)
  8 orc priests
  A bullfrog skeleton (D:8)
  8 orc wizards
  A centaur skeleton (D:6)
  4 hounds
  2 jellies (D:7)
  Ijyb (D:4)
  4 iguanas
  5 worker ants
  A hound zombie (D:8)
  A hound skeleton (D:7)
  Robin (D:2)
  3 worker ant zombies
  10 adders
  4 gnolls (D:2)
  4 white imps
  2 ufetubi
  2 oozes
  2 adder skeletons (D:7)
  2 worms
  A dart slug (D:1)
  3 leopard geckos
  31 orcs
  4 ball pythons
  9 bats
  7 giant cockroaches
  10 hobgoblins
  2 quokkas
  A ball python skeleton (D:4)
  10 frilled lizards
  11 goblins
  9 kobolds
  A leopard gecko skeleton (D:4)
  20 rats
214 creatures vanquished.

Vanquished Creatures (others)
  A kobold (D:7)
  A plant (D:8)
2 creatures vanquished.

Grand Total: 216 creatures vanquished

Notes
Turn   | Place    | Note
-------+----------+-------------------------------------------
     0 | D:1      | Gabide the Barachi Berserker began the quest for the Orb.
     0 | D:1      | Reached XP level 1. HP: 18/18 MP: 1/1
   237 | D:1      | Reached skill level 4 in Long Blades
   237 | D:1      | Reached XP level 2. HP: 25/25 MP: 2/2
   649 | D:1      | Reached XP level 3. HP: 28/30 MP: 3/3
  1182 | D:2      | Reached ** piety under Trog
  1801 | D:2      | Reached XP level 4. HP: 37/37 MP: 4/4
  1978 | D:2      | Reached skill level 5 in Long Blades
  2199 | D:2      | Noticed Robin
  2202 | D:2      | Reached skill level 1 in Throwing
  2211 | D:2      | Killed Robin
  2212 | D:2      | Reached XP level 5. HP: 42/42 MP: 5/5
  2968 | D:3      | Reached skill level 6 in Long Blades
  2991 | D:3      | Reached *** piety under Trog
  3054 | D:3      | Reached XP level 6. HP: 38/49 MP: 6/6
  3541 | D:4      | Noticed Ijyb
  3553 | D:4      | Killed Ijyb
  3612 | D:4      | Found a glowing silver altar of Zin.
  3709 | D:4      | Noticed Eustachio
  3768 | D:4      | Killed Eustachio
  3769 | D:4      | Reached skill level 7 in Long Blades
  3940 | D:4      | Reached XP level 7. HP: 41/55 MP: 7/7
  4295 | D:4      | Reached skill level 8 in Long Blades
  4691 | D:5      | Entered Level 5 of the Dungeon
  4874 | D:5      | Reached skill level 5 in Fighting
  5018 | D:5      | Noticed Pikel
  5035 | D:5      | Killed Pikel
  5036 | D:5      | Reached skill level 9 in Long Blades
  5036 | D:5      | Reached skill level 5 in Armour
  5036 | D:5      | Reached XP level 8. HP: 64/64 MP: 8/8
  5477 | D:5      | Got a transparent dagger
  5478 | D:5      | Identified the +6 dagger "Giant's Nightmare" {vamp, rC+
                  | Str+2} (You found it on level 5 of the Dungeon)
  5588 | D:5      | Reached **** piety under Trog
  6153 | D:6      | Reached skill level 1 in Short Blades
  6170 | D:6      | Found a staircase to the Ecumenical Temple.
  6438 | D:6      | Found Ebiuna's Antique Weapon Boutique.
  6478 | D:6      | Reached XP level 9. HP: 71/71 MP: 9/9
  6483 | D:6      | Reached skill level 5 in Dodging
  6717 | D:6      | Found a basalt altar of Yredelemnul.
  6720 | D:6      | Found a shimmering altar of Xom.
  6722 | D:6      | Found a sacrificial altar of Ru.
  7312 | D:7      | Found a sacrificial altar of Ru.
  7706 | D:7      | Reached skill level 5 in Short Blades
  7894 | D:7      | Found Moib Defocs's Weapon Shoppe.
  8015 | D:8      | Noticed Joseph
  8017 | D:8      | Found a staircase to the Lair.
  8498 | D:8      | Killed Joseph
  8499 | D:8      | Reached XP level 10. HP: 46/80 MP: 10/10
  8886 | D:8      | Reached skill level 10 in Long Blades
  9354 | D:8      | Noticed a two-headed ogre
  9368 | D:8      | Killed a two-headed ogre
  9563 | D:8      | Found a glowing golden altar of the Shining One.
  9637 | D:8      | Noticed a kobold demonologist
  9637 | D:8      | Noticed a cyan ugly thing
  9651 | D:8      | Killed a kobold demonologist
  9652 | D:8      | Reached skill level 11 in Long Blades
  9656 | D:8      | Noticed a salamander
  9656 | D:8      | a yak changed into a salamander
  9658 | D:8      | HP: 3/123 [salamander (shapeshifter) (13)]
  9662 | D:8      | HP: 1/82 [cyan ugly thing (2)]
  9662 | D:8      | Mangled by a cyan ugly thing

Illustrated notes

Levels and vault maps discovered:
D:1:      dpeg_arrival_erosion, layout_loops_ring
D:2:      layout_basic, serial_forest, infiniplex_forest_end_1,
          infiniplex_forest_clump_medium, infiniplex_forest_lined_3,
          infiniplex_forest_end_2, uniq_robin
D:3:      layout_rooms
D:4:      layout_cave_pods, zin_academy, uniq_eustachio, uniq_ijyb
D:5:      layout_layer_cave, kennysheep_opposing_triangles, uniq_pikel
D:6:      layout_basic, nicolae_overflow_hidden_temple,
          minmay_temple_entry_arrows, serial_shops, kennysheep_mini_moat,
          grunt_decor_clamped, st_stairs_13, kennysheep_cluttered_room
D:7:      layout_basic, serial_shops, kennysheep_little_box,
          nicolae_ru_path_of_blood
D:8:      layout_rooms, general_overflow_altar, erik_lair_orcish_takeover,
          enter_bailey_2, minmay_hedge_maze, minmay_misc_feat_secret_circle,
          minmay_evil_grid, uniq_joseph

Skill      XL: |  1  2  3  4  5  6  7  8  9 10 |
---------------+-------------------------------+-----
Long Blades    | 4 5 6 7 9 11 | 11.0
Fighting       | 4 5 6 8 |  8.5
Armour         | 3 4 5 6 8 9 |  9.0
Throwing       | 1 |  1.4
Dodging        | 3 4 6 7 |  7.0
Short Blades   | 2 5 |  5.1

Action                   |  1- 3 |  4- 6 |  7- 9 | 10-12 || total
-------------------------+-------+-------+-------+-------++-------
Melee: Falchion          |    91 |   152 |       |       ||   243
       Long sword        |       |    65 |   108 |    81 ||   254
       Dagger            |       |       |   318 |       ||   318
       Short sword       |       |       |     7 |       ||     7
Throw: Boomerang         |    24 |    43 |    15 |     3 ||    85
       Throwing net      |       |     2 |     1 |       ||     3
Invok: Trog's Hand       |     1 |     1 |     1 |       ||     3
       Berserk           |       |     3 |     5 |     1 ||     9
 Abil: Hop               |     1 |     2 |     4 |       ||     7
Evoke: Wand              |       |       |     1 |       ||     1
  Use: Scroll            |     2 |     7 |     9 |     5 ||    23
 Stab: Held in net/web   |       |     1 |       |       ||     1
Armor: Animal skin       |     2 |       |       |       ||     2
       Leather armour    |     2 |       |       |       ||     2
       Ring mail         |    23 |       |       |       ||    23
       Chain mail        |       |   258 |   295 |    46 ||   599
Dodge: Dodged            |    60 |   180 |   252 |    52 ||   544
       Rpst.: Falchion   |    17 |    26 |       |       ||    43
       Long sword        |       |    25 |    19 |    22 ||    66
